[Event "Centenario Panaderia Pulido 2023"]
[Site "San Mateo Gran Canaria"]
[Date "2023.12.08"]
[Round "8.6"]
[White "Estremera Panos, Sergio"]
[Black "Hernandez Leon, Sergio"]
[Result "1/2-1/2"]
[ECO "E14"]
[WhiteElo "2232"]
[BlackElo "2167"]
[Annotator "RC"]
[PlyCount "57"]
[EventDate "2023.12.04"]
[EventType "swiss"]
[EventCountry "ESP"]
[SourceTitle "playchess.com"]
[Source "ChessBase"]
[SourceQuality "1"]
[TimeControl "5400+30"]

1. Nf3 Nf6 2. c4 e6 3. Nc3 d5 4. e3 c5 5. cxd5 Nxd5 6. d4 cxd4 7. exd4 Be7 8. Bd3 O-O 9. O-O b6 10. Re1 Bb7 11. a3 Nd7 12. Bc2 N7f6 13. Qd3 Rc8 14. Bg5 g6 15. Bh6 Re8 16. Ba4 Bc6 17. Bxc6 Rxc6 18. Ne5 Rc8 19. Nb5 a6 20. Na7 Rc7 21. Nac6 Qd6 22. Rac1 b5 23. a4 Nb4 24. Nxb4 Rxc1 25. Rxc1 Qxb4 26. Nc6 Qxb2 27. Nxe7+ Rxe7 28. Bg5 Kg7 29. Qe3 1/2-1/2

[Event "Centenario Panaderia Pulido 2023"]
[Site "San Mateo Gran Canaria"]
[Date "2023.12.08"]
[Round "8.7"]
[White "Hernandez Leon, Alberto"]
[Black "Calzetta Ruiz, Monica"]
[Result "0-1"]
[ECO "D33"]
[WhiteElo "2209"]
[BlackElo "2239"]
[Annotator "RC"]
[PlyCount "55"]
[EventDate "2023.12.04"]
[EventType "swiss"]
[EventCountry "ESP"]
[SourceTitle "playchess.com"]
[Source "ChessBase"]
[SourceQuality "1"]
[TimeControl "5400+30"]

1. d4 d5 2. c4 e6 3. Nf3 c5 4. cxd5 exd5 5. g3 Nc6 6. Nc3 Nf6 7. Bg2 cxd4 8. Nxd4 Bc5 9. Nb3 Bb6 10. O-O d4 11. Na4 O-O 12. Bg5 h6 13. Bxf6 Qxf6 14. Nxb6 axb6 15. Qd3 Rd8 16. Rfd1 Ne5 17. Qe4 Bf5 18. Qxb7 Rab8 19. Qa6 d3 20. h3 Bc8 21. Qa7 Bxh3 22. Bxh3 dxe2 23. Re1 Nf3+ 24. Kg2 Qc6 25. Rxe2 Nd4+ 26. Kh2 Nxe2 27. Bg2 Qf6 28. Qa6 0-1

[Event "Centenario Panaderia Pulido 2023"]
[Site "San Mateo Gran Canaria"]
[Date "2023.12.08"]
[Round "8.8"]
[White "Gonzalez Martinez, Miguel Angel"]
[Black "Uzcategui Rodriguez, Alejandro"]
[Result "1-0"]
[ECO "C00"]
[WhiteElo "2158"]
[BlackElo "2235"]
[Annotator "RC"]
[PlyCount "77"]
[EventDate "2023.12.04"]
[EventType "swiss"]
[EventCountry "ESP"]
[SourceTitle "playchess.com"]
[Source "ChessBase"]
[SourceQuality "1"]
[TimeControl "5400+30"]

1. e4 e6 2. Qe2 c5 3. Nf3 Nc6 4. c3 g6 5. g3 Bg7 6. Bg2 Nge7 7. O-O e5 8. d3 O-O 9. a4 b6 10. Na3 d6 11. Nc4 Rb8 12. Rd1 f5 13. exf5 gxf5 14. Bg5 Qc7 15. Re1 h6 16. Bxe7 Nxe7 17. Nh4 Bb7 18. f4 Rbe8 19. Bxb7 d5 20. Ba6 exf4 21. Qe6+ Kh7 22. Nd6 Rd8 23. Qxe7 Rd7 24. Nb5 Rxe7 25. Nxc7 Rxc7 26. gxf4 d4 27. c4 Bf6 28. Nxf5 Bd8 29. Ng3 Rxf4 30. Rf1 Rg4 31. Rae1 Bg5 32. Re4 Be3+ 33. Kh1 Rg8 34. Nf5 Bg5 35. h4 Bd2 36. Ne7 Rg7 37. Nd5 Rc6 38. Nf6+ Kg6 39. Rg4+ 1-0

[Event "Centenario Panaderia Pulido 2023"]
[Site "San Mateo Gran Canaria"]
[Date "2023.12.08"]
[Round "8.9"]
[White "Medina Martin, Alberto"]
[Black "Mamani Beltran, Deniman"]
[Result "1/2-1/2"]
[ECO "A53"]
[WhiteElo "2105"]
[BlackElo "2151"]
[Annotator "RC"]
[PlyCount "93"]
[EventDate "2023.12.04"]
[EventType "swiss"]
[EventCountry "ESP"]
[SourceTitle "playchess.com"]
[Source "ChessBase"]
[SourceQuality "1"]
[TimeControl "5400+30"]

1. d4 Nf6 2. c4 d6 3. Nf3 Nbd7 4. g3 c6 5. Bg2 Qa5+ 6. Qd2 Qxd2+ 7. Nbxd2 a5 8. b3 e5 9. e3 e4 10. Ng5 d5 11. O-O h6 12. Nh3 g5 13. Bb2 Bd6 14. a4 Bb4 15. Nb1 Nb6 16. c5 Nbd7 17. Ba3 Bxa3 18. Nxa3 Nb8 19. Rfe1 Na6 20. Nc2 Nd7 21. Kh1 f5 22. Ng1 Nf8 23. f4 Rb8 24. Bf1 b6 25. Bxa6 Bxa6 26. cxb6 Rxb6 27. Rab1 Bd3 28. Rb2 Kd7 29. Na1 Ne6 30. Rd2 c5 31. Nf3 cxd4 32. Ne5+ Ke7 33. Ng6+ Kf6 34. Nxh8 dxe3 35. Rxe3 d4 36. Rexd3 exd3 37. fxg5+ hxg5 38. Rxd3 Rb8 39. Nc2 Rxh8 40. b4 Rc8 41. Rd2 d3 42. Ne3 Rd8 43. bxa5 f4 44. gxf4 gxf4 45. Ng4+ Kf5 46. Nf2 Nc5 47. Kg2 1/2-1/2

[Event "Centenario Panaderia Pulido 2023"]
[Site "San Mateo Gran Canaria"]
[Date "2023.12.08"]
[Round "8.10"]
[White "Bergero, Simone"]
[Black "Rivero Tacoronte, Gabriel"]
[Result "1-0"]
[ECO "B11"]
[WhiteElo "2010"]
[BlackElo "1695"]
[Annotator "NA RC"]
[PlyCount "33"]
[EventDate "2023.12.04"]
[EventType "swiss"]
[EventCountry "ESP"]
[SourceTitle "playchess.com"]
[Source "ChessBase"]
[SourceQuality "1"]
[TimeControl "5400+30"]

1. e4 c6 2. Nf3 d5 3. Nc3 Bg4 4. h3 Bxf3 5. Qxf3 e6 6. d4 dxe4 7. Nxe4 Qxd4 8. Bg5 Be7 9. Bxe7 Kxe7 10. Qa3+ c5 11. Nxc5 Kf6 12. Qf3+ Kg6 13. Ne4 f5 14. Qg3+ Kf7 15. Nd6+ Ke7 16. Rd1 Qxb2 17. Nxf5+ 1-0

[Event "Centenario Panaderia Pulido 2023"]
[Site "San Mateo Gran Canaria"]
[Date "2023.12.08"]
[Round "8.11"]
[White "Perez Celis, Alba"]
[Black "Camino Carrio, Nicanor"]
[Result "0-1"]
[ECO "B51"]
[WhiteElo "1779"]
[BlackElo "1948"]
[Annotator "RC"]
[PlyCount "68"]
[EventDate "2023.12.04"]
[EventType "swiss"]
[EventCountry "ESP"]
[SourceTitle "playchess.com"]
[Source "ChessBase"]
[SourceQuality "1"]
[TimeControl "5400+30"]

1. e4 c5 2. Nf3 d6 3. Bb5+ Nd7 4. c3 Ngf6 5. Qe2 e6 6. O-O Be7 7. d4 cxd4 8. cxd4 O-O 9. Nc3 a6 10. Bd3 e5 11. dxe5 Nxe5 12. Nxe5 dxe5 13. Rd1 Bg4 14. f3 Be6 15. Be3 Nd7 16. Rd2 Qc7 17. Nd5 Bxd5 18. exd5 Bc5 19. Rc2 Qd6 20. Rac1 Bxe3+ 21. Qxe3 Nf6 22. Qc5 Qxd5 23. Qxd5 Nxd5 24. Be4 Rad8 25. Rc5 Nf4 26. R1c2 f5 27. Bxb7 Rd1+ 28. Kf2 Nd3+ 29. Ke2 Nxc5 30. Rxc5 Rb1 31. Bd5+ Kh8 32. Rc2 g6 33. Kf2 Rd8 34. Bb7 Rb8 0-1

[Event "Centenario Panaderia Pulido 2023"]
[Site "San Mateo Gran Canaria"]
[Date "2023.12.08"]
[Round "8.12"]
[White "Rivero Castellano, Carlos Jesus"]
[Black "Garbezza, Davide"]
[Result "0-1"]
[ECO "D05"]
[WhiteElo "1726"]
[BlackElo "1860"]
[Annotator "NA RC"]
[PlyCount "58"]
[EventDate "2023.12.04"]
[EventType "swiss"]
[EventCountry "ESP"]
[SourceTitle "playchess.com"]
[Source "ChessBase"]
[SourceQuality "1"]
[TimeControl "5400+30"]

1. d4 d5 2. Nf3 e6 3. e3 Nf6 4. Bd3 b6 5. O-O Bb7 6. b3 Bd6 7. Bb2 O-O 8. Ne5 c5 9. f4 Nc6 10. a3 Rc8 11. Nd2 Ne7 12. g4 Ne4 13. Nxe4 dxe4 14. Be2 Nd5 15. Qd2 Bb8 16. a4 Bxe5 17. fxe5 Qg5 18. Bc1 cxd4 19. Qxd4 Rxc2 20. Bd1 Nc3 21. Rf2 Rxf2 22. Kxf2 Qh4+ 23. Kg2 Rd8 24. Qxc3 Rxd1 25. h3 Ba6 26. Qc2 Qe1 27. Qf2 Qh1+ 28. Kg3 Rg1+ 29. Kh4 Bf1 0-1

[Event "Centenario Panaderia Pulido 2023"]
[Site "San Mateo Gran Canaria"]
[Date "2023.12.08"]
[Round "8.13"]
[White "Garcia Rodriguez, Adriana"]
[Black "Sanchez Gonzalez, Diego"]
[Result "1-0"]
[ECO "B22"]
[WhiteElo "1659"]
[BlackElo "1858"]
[Annotator "NA RC"]
[PlyCount "91"]
[EventDate "2023.12.04"]
[EventType "swiss"]
[EventCountry "ESP"]
[SourceTitle "playchess.com"]
[Source "ChessBase"]
[SourceQuality "1"]
[TimeControl "5400+30"]

1. e4 c5 2. c3 d5 3. exd5 Qxd5 4. d4 Nc6 5. Nf3 e6 6. Be2 cxd4 7. cxd4 Nf6 8. Nc3 Qd6 9. O-O Be7 10. Be3 O-O 11. a3 a6 12. Re1 Rd8 13. Qc2 b5 14. b4 Bb7 15. Rad1 Rac8 16. Bd3 h6 17. Qd2 Nb8 18. Ne5 Nc6 19. Nf3 Nb8 20. Ne5 Qc7 21. Rc1 Nc6 22. Ne4 Nd5 23. Bb1 Nxe3 24. fxe3 Qb6 25. Nxc6 Bxc6 26. Nc5 Bf6 27. Ne4 Bh4 28. Re2 e5 29. g3 Be7 30. Rd1 exd4 31. exd4 Bxe4 32. Rxe4 Bf6 33. Kf1 Rd5 34. Qe3 Qc6 35. Re1 Qc4+ 36. Bd3 Rf5+ 37. Kg1 Qd5 38. Re8+ Kh7 39. Bxf5+ g6 40. Qe4 Rxe8 41. Qxd5 Rxe1+ 42. Kf2 Re7 43. Bc8 Rc7 44. Bxa6 Rc2+ 45. Kg1 Kg7 46. Qe4 1-0

[Event "Centenario Panaderia Pulido 2023"]
[Site "San Mateo Gran Canaria"]
[Date "2023.12.08"]
[Round "8.14"]
[White "Ramos Santana, Marcelino"]
[Black "Quiceno Ramirez, Edwin Alejandro"]
[Result "0-1"]
[ECO "B23"]
[WhiteElo "1830"]
[BlackElo "1777"]
[Annotator "NA RC"]
[PlyCount "72"]
[EventDate "2023.12.04"]
[EventType "swiss"]
[EventCountry "ESP"]
[SourceTitle "playchess.com"]
[Source "ChessBase"]
[SourceQuality "1"]
[TimeControl "5400+30"]

1. e4 c5 2. Nc3 Nc6 3. Bb5 Nd4 4. Nf3 g6 5. Nxd4 cxd4 6. Ne2 Bg7 7. c3 a6 8. Bc4 dxc3 9. bxc3 e6 10. d4 d5 11. exd5 exd5 12. Bb3 Ne7 13. O-O O-O 14. Nf4 Qd6 15. Qf3 Be6 16. a4 Bh6 17. g3 Bxf4 18. Bxf4 Qc6 19. Rfe1 Rac8 20. Rac1 Qb6 21. Bc2 h5 22. Bd2 Bg4 23. Qe3 Nf5 24. Bxf5 Bxf5 25. Qh6 Rfe8 26. Kg2 a5 27. h3 Qf6 28. Be3 Be4+ 29. Kh2 Qf3 30. Rg1 Bf5 31. Qf4 Qxf4 32. Bxf4 Re2 33. Rgf1 Rc4 34. Be5 Rxa4 35. Kg1 Bxh3 36. Rfd1 Raa2 0-1

[Event "Centenario Panaderia Pulido 2023"]
[Site "San Mateo Gran Canaria"]
[Date "2023.12.08"]
[Round "8.15"]
[White "Fernandez Fernandez, Carlos II"]
[Black "Guerrero Orihuela, Jose Luis"]
[Result "0-1"]
[ECO "A56"]
[WhiteElo "1584"]
[BlackElo "1901"]
[Annotator "RC"]
[PlyCount "90"]
[EventDate "2023.12.04"]
[EventType "swiss"]
[EventCountry "ESP"]
[SourceTitle "playchess.com"]
[Source "ChessBase"]
[SourceQuality "1"]
[TimeControl "5400+30"]

1. d4 Nf6 2. c4 c5 3. d5 e5 4. Nc3 d6 5. e4 Be7 6. Nge2 Nbd7 7. Ng3 O-O 8. Be2 Ne8 9. O-O Bg5 10. f4 exf4 11. Bxf4 g6 12. Qd2 Bxf4 13. Rxf4 Ne5 14. Nh1 Ng7 15. Raf1 Bd7 16. Nf2 g5 17. Rf3 Nxf3+ 18. Bxf3 Qe7 19. Bg4 f6 20. h4 h6 21. Bd1 Rae8 22. Ng4 Bxg4 23. Bxg4 Qe5 24. Qe2 a6 25. Bh5 Re7 26. Bg6 f5 27. Kh1 Rf6 28. h5 Qg3 29. Rf3 Qg4 30. Qf1 Nxh5 31. Bxh5 Qxh5+ 32. Kg1 f4 33. g3 Qg4 34. Ne2 Rxe4 35. Nc3 Re7 36. Qd3 Qf5 37. Qf1 Qe5 38. Rf2 Qe3 39. Kh1 Qxg3 40. Ne2 Qe3 41. Ng1 Qe4+ 42. Kh2 Qf5 43. Nh3 Re3 44. Qg2 Rg3 45. Qf1 Qg4 0-1

[Event "Centenario Panaderia Pulido 2023"]
[Site "San Mateo Gran Canaria"]
[Date "2023.12.09"]
[Round "9.1"]
[White "Korneev, Oleg"]
[Black "Yao, Stefano"]
[Result "1/2-1/2"]
[ECO "C08"]
[WhiteElo "2470"]
[BlackElo "2288"]
[Annotator "RC"]
[PlyCount "21"]
[EventDate "2023.12.04"]
[EventType "swiss"]
[EventCountry "ESP"]
[SourceTitle "playchess.com"]
[Source "ChessBase"]
[SourceQuality "1"]
[TimeControl "5400+30"]

1. e4 e6 2. d4 d5 3. Nd2 c5 4. exd5 exd5 5. Ngf3 Nf6 6. Bb5+ Bd7 7. Bxd7+ Nbxd7 8. O-O Be7 9. dxc5 Nxc5 10. Nb3 Nce4 11. Nfd4 1/2-1/2

[Event "Centenario Panaderia Pulido 2023"]
[Site "San Mateo Gran Canaria"]
[Date "2023.12.09"]
[Round "9.2"]
[White "Doluhanova, Evgeniya"]
[Black "Larino Nieto, David"]
[Result "1-0"]
[ECO "A13"]
[WhiteElo "2177"]
[BlackElo "2366"]
[Annotator "ChessBase"]
[PlyCount "91"]
[EventDate "2023.12.04"]
[EventType "swiss"]
[EventCountry "ESP"]
[SourceTitle "playchess.com"]
[Source "ChessBase"]
[SourceQuality "1"]
[TimeControl "5400+30"]

1. c4 e6 2. Nf3 g5 3. d4 h6 4. g4 d5 5. Nc3 Nc6 6. h4 dxc4 7. hxg5 Bg7 8. gxh6 Nxh6 9. Bxh6 Rxh6 10. Rxh6 Bxh6 11. Qa4 Bd7 12. Qxc4 Qf6 13. g5 Bxg5 14. Ne4 Qf5 15. Nexg5 f6 16. Nh3 O-O-O 17. Qc5 Qe4 18. Rc1 Be8 19. b4 Bh5 20. Nhg1 Rd5 21. Qc3 e5 22. dxe5 fxe5 23. Qc4 Qxc4 24. Rxc4 a5 25. a3 axb4 26. axb4 Rb5 27. e3 Rb6 28. Rh4 Be8 29. Rh8 Kd8 30. b5 Na7 31. Nxe5 Nxb5 32. Bxb5 Rxb5 33. f4 c5 34. Ne2 Rb3 35. Kf2 Ke7 36. Ng3 Ba4 37. Ne4 Rb2+ 38. Kg3 Re2 39. Rh7+ Kd8 40. Nxc5 Rxe3+ 41. Kf2 Ra3 42. Nxa4 Rxa4 43. Kg3 b5 44. Rb7 Ra3+ 45. Kg4 Rb3 46. Nf7+ 1-0

[Event "Centenario Panaderia Pulido 2023"]
[Site "San Mateo Gran Canaria"]
[Date "2023.12.09"]
[Round "9.3"]
[White "Calzetta Ruiz, Monica"]
[Black "Strikovic, Aleksa"]
[Result "0-1"]
[ECO "C41"]
[WhiteElo "2239"]
[BlackElo "2455"]
[Annotator "RC"]
[PlyCount "71"]
[EventDate "2023.12.04"]
[EventType "swiss"]
[EventCountry "ESP"]
[SourceTitle "playchess.com"]
[Source "ChessBase"]
[SourceQuality "1"]
[TimeControl "5400+30"]

1. e4 d6 2. d4 Nf6 3. Nc3 e5 4. Nf3 Nbd7 5. Bc4 Be7 6. O-O O-O 7. h3 Nb6 8. Bd3 Nfd7 9. Re1 c6 10. a4 a5 11. Bf1 Re8 12. Be3 Bf8 13. Qd2 Qc7 14. Rad1 h6 15. Nh4 Nf6 16. f4 exf4 17. Bxf4 g5 18. Bxg5 hxg5 19. Qxg5+ Bg7 20. Rd3 Nh7 21. Qh5 Nd7 22. Rg3 Ndf6 23. Qh6 Ng4 24. Qd2 Qb6 25. Nf3 Ne5 26. Nxe5 Rxe5 27. Kh1 Rh5 28. Be2 Rh4 29. Bc4 Be6 30. d5 cxd5 31. Nxd5 Qd8 32. Rf1 Qb6 33. Qe3 Qd8 34. Qd2 Ng5 35. Re1 Nh7 36. Rf1 0-1

[Event "Centenario Panaderia Pulido 2023"]
[Site "San Mateo Gran Canaria"]
[Date "2023.12.09"]
[Round "9.4"]
[White "Kurajica, Bojan"]
[Black "Estremera Panos, Sergio"]
[Result "1-0"]
[ECO "D27"]
[WhiteElo "2446"]
[BlackElo "2232"]
[Annotator "RC"]
[PlyCount "70"]
[EventDate "2023.12.04"]
[EventType "swiss"]
[EventCountry "ESP"]
[SourceTitle "playchess.com"]
[Source "ChessBase"]
[SourceQuality "1"]
[TimeControl "5400+30"]

1. Nf3 d5 2. d4 Nf6 3. c4 e6 4. e3 c5 5. Nc3 dxc4 6. Bxc4 a6 7. O-O b5 8. Bd3 Bb7 9. a4 b4 10. Nb1 Nc6 11. b3 cxd4 12. exd4 Be7 13. Bb2 O-O 14. Nbd2 e5 15. dxe5 Qxd3 16. exf6 Bxf6 17. Bxf6 gxf6 18. Re1 Nd4 19. Nxd4 Qxd4 20. Nc4 Rad8 21. Qe2 Bd5 22. Rac1 Be6 23. Qf3 Bg4 24. Qb7 Rfe8 25. Qxb4 Be6 26. h3 Rb8 27. Qa3 Red8 28. Re3 Rdc8 29. Qe7 Re8 30. Qc7 Rec8 31. Qg3+ Kh8 32. Rd3 Qc5 33. Rcc3 Rg8 34. Qf3 Qg5 35. Nd6 Rbd8 1-0

[Event "Centenario Panaderia Pulido 2023"]
[Site "San Mateo Gran Canaria"]
[Date "2023.12.09"]
[Round "9.5"]
[White "Oudeh Mishmesh, Omar"]
[Black "Moreno Diepa, Diego"]
[Result "1-0"]
[ECO "A28"]
[WhiteElo "2247"]
[BlackElo "2138"]
[Annotator "ChessBase"]
[PlyCount "131"]
[EventDate "2023.12.04"]
[EventType "swiss"]
[EventCountry "ESP"]
[SourceTitle "playchess.com"]
[Source "ChessBase"]
[SourceQuality "1"]
[TimeControl "5400+30"]

1. c4 e5 2. Nc3 Nf6 3. Nf3 Nc6 4. e3 Be7 5. Qb3 O-O 6. d3 d6 7. Bd2 Nb8 8. Be2 c6 9. O-O Nbd7 10. d4 Re8 11. Qc2 Bf8 12. Bd3 g6 13. d5 Nc5 14. e4 cxd5 15. cxd5 Bd7 16. b4 Nxd3 17. Qxd3 Nh5 18. Rac1 Rc8 19. Rfe1 Nf4 20. Bxf4 exf4 21. Nb1 Bg7 22. Nbd2 Qb6 23. Qb3 Qa6 24. h3 Ba4 25. Qb1 Bc3 26. e5 dxe5 27. Rxc3 Rxc3 28. Ne4 Bc2 29. Qa1 Bxe4 30. Qxc3 Bxf3 31. gxf3 Qf6 32. Rd1 Rd8 33. Kh2 Qd6 34. Kg2 Kf8 35. Qc4 Ke7 36. Qb5 Rd7 37. a3 Rc7 38. Rd2 Rd7 39. Qc4 Rc7 40. Qe4 Rd7 41. Qd3 f6 42. Qe4 Rc7 43. Qd3 Rd7 44. Qb3 a6 45. b5 axb5 46. Qxb5 Qa6 47. Qc5+ Qd6 48. Qc8 Rd8 49. Qxb7+ Rd7 50. Qc8 Rd8 51. Qc3 Ra8 52. Qb3 Ra7 53. a4 f5 54. Qc4 Rc7 55. Qb5 Kf7 56. Qd3 Ra7 57. Rc2 Rxa4 58. Qb5 Ra7 59. Rc6 Qd7 60. Qc4 Ke7 61. d6+ Kf6 62. Qc5 Rb7 63. Rc7 Qb5 64. d7 Qxc5 65. d8=Q+ Qe7 66. Qxe7# 1-0

[Event "Centenario Panaderia Pulido 2023"]
[Site "San Mateo Gran Canaria"]
[Date "2023.12.09"]
[Round "9.6"]
[White "Hernandez Leon, Sergio"]
[Black "Gonzalez Martinez, Miguel Angel"]
[Result "1-0"]
[ECO "C41"]
[WhiteElo "2167"]
[BlackElo "2158"]
[Annotator "ChessBase"]
[PlyCount "34"]
[EventDate "2023.12.04"]
[EventType "swiss"]
[EventCountry "ESP"]
[SourceTitle "playchess.com"]
[Source "ChessBase"]
[SourceQuality "1"]
[TimeControl "5400+30"]

1. e4 e5 2. Nf3 d6 3. d4 Nd7 4. Bc4 c6 5. O-O Be7 6. dxe5 dxe5 7. Ng5 Bxg5 8. Qh5 Qe7 9. Qxg5 Qxg5 10. Bd2 Qf4 11. Bxf4 Ngf6 12. Bg5 b5 13. f3 Nc5 14. Be2 Nfd7 15. Be3 Ke7 16. Rd1 a5 17. Nc3 Na6 1-0

[Event "Centenario Panaderia Pulido 2023"]
[Site "San Mateo Gran Canaria"]
[Date "2023.12.09"]
[Round "9.7"]
[White "Camino Carrio, Nicanor"]
[Black "Hernando Rodrigo, Jose Maria"]
[Result "0-1"]
[ECO "B07"]
[WhiteElo "1948"]
[BlackElo "2278"]
[Annotator "ChessBase"]
[PlyCount "58"]
[EventDate "2023.12.04"]
[EventType "swiss"]
[EventCountry "ESP"]
[SourceTitle "playchess.com"]
[Source "ChessBase"]
[SourceQuality "1"]
[TimeControl "5400+30"]

1. e4 d6 2. d4 Nd7 3. Nf3 a6 4. Bc4 e6 5. O-O h6 6. Nfd2 b5 7. Bb3 c5 8. c4 cxd4 9. cxb5 Ngf6 10. f4 Be7 11. Nf3 Nxe4 12. Nxd4 O-O 13. Kh1 axb5 14. Nc6 Qe8 15. Nxe7+ Qxe7 16. Nc3 Ndc5 17. Bc2 Nxc3 18. bxc3 f5 19. Qd4 Bb7 20. Be3 Rf6 21. Bd1 Rg6 22. Bf3 Bxf3 23. gxf3 Qb7 24. Rad1 Rxa2 25. Qxd6 Ne4 26. Qd3 Rgg2 27. Bg1 Qf7 28. fxe4 Qh5 29. Qd8+ Kh7 0-1

[Event "Centenario Panaderia Pulido 2023"]
[Site "San Mateo Gran Canaria"]
[Date "2023.12.09"]
[Round "9.8"]
[White "Marrero Cardenes, Agustin"]
[Black "Garcia Rodriguez, Adriana"]
[Result "1-0"]
[ECO "D55"]
[WhiteElo "2106"]
[BlackElo "1659"]
[Annotator "NA"]
[PlyCount "63"]
[EventDate "2023.12.04"]
[EventType "swiss"]
[EventCountry "ESP"]
[SourceTitle "playchess.com"]
[Source "ChessBase"]
[SourceQuality "1"]
[TimeControl "5400+30"]

1. d4 d5 2. Nf3 Nf6 3. c4 e6 4. Bg5 Be7 5. e3 O-O 6. Nc3 b6 7. cxd5 exd5 8. Bd3 Bb7 9. Qc2 Nbd7 10. O-O h6 11. Bxf6 Nxf6 12. Ne5 Nd7 13. f4 Nxe5 14. fxe5 c5 15. Qf2 Bc8 16. Qf3 Be6 17. Ne2 Bg5 18. Rae1 Bh4 19. g3 Bg5 20. h4 Be7 21. Nf4 Qd7 22. Rf2 Rad8 23. Nxe6 Qxe6 24. Qh5 c4 25. Bb1 b5 26. Ref1 b4 27. Rf4 a5 28. Rg4 a4 29. Rf6 Bxf6 30. Qxh6 g6 31. Bxg6 fxg6 32. Qxg6+ 1-0

[Event "Centenario Panaderia Pulido 2023"]
[Site "San Mateo Gran Canaria"]
[Date "2023.12.09"]
[Round "9.9"]
[White "Quiceno Ramirez, Edwin Alejandro"]
[Black "Medina Martin, Alberto"]
[Result "0-1"]
[ECO "E11"]
[WhiteElo "1777"]
[BlackElo "2105"]
[Annotator "NA"]
[PlyCount "142"]
[EventDate "2023.12.04"]
[EventType "swiss"]
[EventCountry "ESP"]
[SourceTitle "playchess.com"]
[Source "ChessBase"]
[SourceQuality "1"]
[TimeControl "5400+30"]

1. d4 Nf6 2. c4 e6 3. Nf3 Bb4+ 4. Bd2 Qe7 5. g3 O-O 6. Bg2 Bxd2+ 7. Nbxd2 d6 8. O-O e5 9. e3 c6 10. dxe5 dxe5 11. Qc2 a5 12. a3 a4 13. Rac1 Nbd7 14. c5 Ra5 15. Nc4 Rxc5 16. Qxa4 b5 17. Qb4 Nd5 18. Qb3 Rxc4 19. Rxc4 bxc4 20. Qxc4 Bb7 21. Rc1 Kh8 22. b4 f6 23. Nh4 g6 24. b5 cxb5 25. Qxb5 Qxa3 26. Rb1 Nc3 27. Qxb7 Nxb1 28. Qxd7 Qc1+ 29. Bf1 Nd2 30. Qb5 Rd8 31. Qa6 Kg7 32. Kg2 Qxf1+ 33. Qxf1 Nxf1 34. Kxf1 Rd1+ 35. Kg2 e4 36. g4 Kf7 37. f3 Rd2+ 38. Kg3 Re2 39. Ng2 exf3 40. Kxf3 Ra2 41. h4 Ke6 42. Nf4+ Ke5 43. Nd3+ Kd6 44. Nf2 Kd5 45. Nd3 Rh2 46. h5 g5 47. Nf2 Ke5 48. Nd3+ Ke6 49. Ke4 Ra2 50. Nc5+ Ke7 51. Nb3 Rg2 52. Kf3 Rg1 53. Nd4 Kd6 54. Ne2 Re1 55. Nd4 Ke5 56. Nc6+ Kd5 57. Ne7+ Ke6 58. Nf5 Ke5 59. Nd4 Rc1 60. Ne2 Rc4 61. Ng3 Ra4 62. Nf5 Ra1 63. Ng3 Rd1 64. Kf2 Rd2+ 65. Kf3 Rh2 66. Nf1 Rh1 67. Ng3 Rh4 68. Nf5 Rxh5 69. gxh5 Kxf5 70. e4+ Ke5 71. Kg3 Ke6 0-1

[Event "Centenario Panaderia Pulido 2023"]
[Site "San Mateo Gran Canaria"]
[Date "2023.12.09"]
[Round "9.10"]
[White "Garbezza, Davide"]
[Black "Bergero, Simone"]
[Result "1/2-1/2"]
[ECO "C10"]
[WhiteElo "1860"]
[BlackElo "2010"]
[Annotator "NA RC"]
[PlyCount "22"]
[EventDate "2023.12.04"]
[EventType "swiss"]
[EventCountry "ESP"]
[SourceTitle "playchess.com"]
[Source "ChessBase"]
[SourceQuality "1"]
[TimeControl "5400+30"]

1. e4 e6 2. d4 d5 3. Nc3 c5 4. exd5 cxd4 5. Qxd4 Nf6 6. Bb5+ Bd7 7. Bxd7+ Qxd7 8. Nf3 Nxd5 9. O-O Nxc3 10. Qxd7+ Nxd7 11. bxc3 Bc5 1/2-1/2

[Event "Centenario Panaderia Pulido 2023"]
[Site "San Mateo Gran Canaria"]
[Date "2023.12.09"]
[Round "9.11"]
[White "Uzcategui Rodriguez, Alejandro"]
[Black "Hernandez Leon, Alberto"]
[Result "1/2-1/2"]
[ECO "D05"]
[WhiteElo "2235"]
[BlackElo "2209"]
[Annotator "RC"]
[PlyCount "20"]
[EventDate "2023.12.04"]
[EventType "swiss"]
[EventCountry "ESP"]
[SourceTitle "playchess.com"]
[Source "ChessBase"]
[SourceQuality "1"]
[TimeControl "5400+30"]

1. d4 c5 2. e3 Nf6 3. Nf3 e6 4. c3 Nc6 5. Nbd2 d5 6. Bd3 cxd4 7. exd4 Bd6 8. O-O O-O 9. Re1 b6 10. Nf1 Bb7 1/2-1/2

[Event "Centenario Panaderia Pulido 2023"]
[Site "San Mateo Gran Canaria"]
[Date "2023.12.09"]
[Round "9.12"]
[White "Mamani Beltran, Deniman"]
[Black "Guerrero Orihuela, Jose Luis"]
[Result "1-0"]
[ECO "B20"]
[WhiteElo "2151"]
[BlackElo "1901"]
[Annotator "ChessBase"]
[PlyCount "77"]
[EventDate "2023.12.04"]
[EventType "swiss"]
[EventCountry "ESP"]
[SourceTitle "playchess.com"]
[Source "ChessBase"]
[SourceQuality "1"]
[TimeControl "5400+30"]

1. e4 c5 2. b3 d6 3. d4 cxd4 4. Qxd4 Nf6 5. Nc3 Nc6 6. Qd2 g6 7. Bb2 Bg7 8. O-O-O O-O 9. f3 Bd7 10. h4 Qa5 11. Kb1 Rfc8 12. h5 Nxh5 13. Nge2 Ne5 14. Qe1 b5 15. Nd4 a6 16. g4 Nf6 17. g5 Nh5 18. Nd5 Qxe1 19. Rxe1 Rd8 20. Nxe7+ Kf8 21. Nd5 Nc6 22. Nf6 Bxf6 23. gxf6 Nxd4 24. Bxd4 Kg8 25. Rh4 Re8 26. Bd3 Bc6 27. f4 Ng3 28. e5 dxe5 29. fxe5 Bd7 30. Bb2 Bf5 31. Rg1 Bxd3 32. cxd3 Nf5 33. Rf4 Kh8 34. Kc2 Ra7 35. Kd2 Rd8 36. e6 Rxd3+ 37. Kxd3 fxe6 38. f7+ Nd4 39. f8=Q# 1-0

[Event "Centenario Panaderia Pulido 2023"]
[Site "San Mateo Gran Canaria"]
[Date "2023.12.09"]
[Round "9.13"]
[White "Almenares Garcia, Mario Adrian"]
[Black "Arribas Lopez, Sara"]
[Result "1/2-1/2"]
[ECO "A00"]
[WhiteElo "2000"]
[BlackElo "1637"]
[Annotator "NA"]
[PlyCount "130"]
[EventDate "2023.12.04"]
[EventType "swiss"]
[EventCountry "ESP"]
[SourceTitle "playchess.com"]
[Source "ChessBase"]
[SourceQuality "1"]
[TimeControl "5400+30"]

1. e3 d5 2. g3 e5 3. Bg2 Nf6 4. d4 e4 5. Ne2 c6 6. c4 Bb4+ 7. Bd2 Bd6 8. h3 h5 9. Nbc3 a6 10. Qb3 Bc7 11. cxd5 cxd5 12. f3 exf3 13. Bxf3 Ne4 14. Nxe4 dxe4 15. Bxe4 Qe7 16. Bg2 g5 17. Rf1 Nc6 18. e4 f5 19. e5 h4 20. gxh4 gxh4 21. O-O-O a5 22. Qb5 Ra6 23. Nf4 Rb6 24. Qc4 Nb4 25. a3 Na6 26. Nd5 Be6 27. Nxc7+ Nxc7 28. Qa4+ Nb5 29. d5 Qc5+ 30. Kb1 Bd7 31. Ka1 Nd4 32. Rc1 Bxa4 33. Rxc5 Nb3+ 34. Ka2 Nxc5 35. Be3 Bb3+ 36. Kb1 Rg6 37. Bh1 Ne4 38. Rc1 O-O 39. d6 Be6 40. Rc7 Rg7 41. Rc1 Rc8 42. Rd1 Ng3 43. Bf3 f4 44. Bb6 Nf5 45. Bd5 Bxd5 46. Rxd5 Ne3 47. d7 Rd8 48. Bxd8 Nxd5 49. e6 Kh7 50. Bxh4 Rg8 51. d8=Q Rxd8 52. Bxd8 f3 53. Bh4 Kg6 54. Kc2 Nf4 55. e7 Kf7 56. Kd2 b5 57. b3 Ke8 58. a4 bxa4 59. bxa4 Nxh3 60. Ke3 f2 61. Bxf2 Nxf2 62. Kxf2 Kxe7 63. Ke3 Kd6 64. Kd4 Kc6 65. Kc4 Kb6 1/2-1/2